 Dungeon Crawl Stone Soup version 0.15-a0-809-g8e1b895 (webtiles) character file.

138 4tharraofdagon the Insei (level 5, -8/38 HPs)
             Began as a Merfolk Transmuter on May 14, 2014.
             Mangled by a gnoll
             ... wielding a +0,+0 flail
              (14 damage)
             ... on Level 5 of the Dungeon.
             The game lasted 00:04:51 (902 turns).

4tharraofdagon the Insei (Merfolk Transmuter)        Turns: 902, Time: 00:04:51

HP  -8/38        AC  4     Str 15      XL: 5   Next: 21%
MP   4/9         EV 13     Int 13      God:
Gold 108         SH  0     Dex 15      Spells:  2 memorised,  5 levels left

rFire  . . .     SeeInvis .       - Unarmed
rCold  . . .     Clarity  .     c - +0 robe
rNeg   + . .     Conserve .     (no shield)
rPois  .         rCorr    .     f - +0 helmet
rElec  .         rRot     .     (no cloak)
SustAb . .       Spirit   .     e - +0 pair of gloves
rMut   .         Warding  +     (no boots)
Gourm  .         Stasis   .     o - amulet of warding
MR     .....                    (no ring)
                                k - ring of flight

@: mighty, very slightly contaminated, not resistant to hostile enchantments,
very unstealthy
A: change form in water, swift swim
a: Evoke Flight


You were on level 5 of the Dungeon.
You were very hungry.

You visited 1 branch of the dungeon, and saw 5 of its levels.

You collected 108 gold pieces.

Inventory:

Missiles
 b - 12 arrows
Armour
 c - a +0 robe (worn)
 e - a +0 pair of gloves (worn)
 f - a +0 helmet (worn)
Comestibles
 a - 2 bread rations
Scrolls
 g - 2 scrolls of identify {unknown}
 h - a scroll of enchant weapon II {unknown}
 i - a scroll of blinking {unknown}
 j - a scroll of recharging {unknown}
 l - a scroll of teleportation {unknown}
 n - a scroll of remove curse {unknown}
Jewellery
 k - a ring of flight (left hand)
 o - an amulet of warding (around neck)
Books
 d - a book of Changes

   Spells                             Type                      Level
   *Beastly Appendage                 Transmutation                1
   Sticks to Snakes                   Transmutation                2
   *Spider Form                       Transmutation/Poison         3
   Ice Form                           Ice/Transmutation            4
   Blade Hands                        Transmutation                5


   Skills:
 + Level 2.0 Fighting
 + Level 3.3 Dodging
 * Level 4.4 Unarmed Combat
 + Level 2.6 Spellcasting
 * Level 4.2 Transmutations


You had 5 spell levels left.
You knew the following spells:

 Your Spells              Type           Power        Failure   Level  Hunger
a - Beastly Appendage     Trmt           ##....       6%          1    #......
b - Spider Form           Trmt/Pois      #.........   34%         3    ####...


Dungeon Overview and Level Annotations

Branches:
Dungeon (5/15)
 Temple: D:4-7

Altars:


Message History

You feel sick.
You are no longer poisoned.
A rat comes into view.
There is a large open door here.
You close the large door.
There is a large open door here.
You are feeling very hungry.
Your extra speed is starting to run out.
You feel yourself slow down.
There is a shaft here.
You fall through a shaft!
The shaft crumbles and collapses. 4 gnolls come into view.
The gnoll shouts! x3
Found a glowing whip.
Unknown command.
You punch the gnoll!
The gnoll is severely wounded.
The gnoll hits you with a flail!
You die...

. #. #. #.
# #. #. #.
#.#.
###...####
#....g@..#
#........#
#.gg.....#
#..g)....#
#........#
##########


You could see 4 gnolls.

Vanquished Creatures
  A scorpion (D:3)
  A hound (D:3)
  3 adders
  2 giant geckos (D:1)
  4 goblins
  5 hobgoblins
  5 kobolds
  2 quokkas (D:3)
  4 bats
  7 giant newts
  6 rats
40 creatures vanquished.

Notes
Turn   | Place    | Note
--------------------------------------------------------------
     0 | D:1      | 4tharraofdagon, the Merfolk Transmuter, began the quest for the Orb.
     0 | D:1      | Reached XP level 1. HP: 15/15 MP: 3/3
    63 | D:1      | Reached XP level 2. HP: 15/21 MP: 4/4
   155 | D:3      | Found a glowing drain.
   343 | D:2      | Reached XP level 3. HP: 14/26 MP: 6/6
   413 | D:2      | Learned a level 3 spell: Spider Form
   443 | D:3      | Noticed a scorpion
   454 | D:3      | Reached skill level 4 in Unarmed Combat
   454 | D:3      | Reached XP level 4. HP: 22/32 MP: 5/8
   478 | D:3      | Killed a scorpion
   605 | D:3      | Reached XP level 5. HP: 38/38 MP: 9/9
   900 | D:3      | You fall through a shaft!
   900 | D:5      | Entered Level 5 of the Dungeon
   902 | D:5      | Mangled by a gnoll

Action                   |  1- 3 |  4- 6 || total
-------------------------+-------+-------++-------
Melee: Unarmed           |   112 |    65 ||   177
 Cast: Beastly Appendage |     6 |       ||     6
       Spider Form       |     1 |     2 ||     3
  Use: Potion            |     2 |     2 ||     4
 Stab: Invisible         |     3 |       ||     3
       Sleeping          |     1 |       ||     1

Vault maps used:
D:1:      dpeg_arrival_arbitrary_b
D:2:      uniq_iyjb
D:3:      kennysheep_big_flooded_room, grunt_temple_overflow_forces_of_nature,
          portal_sewer_entry_a, dk_vineyard_2, kennysheep_cross_room,
          serial_bayou_pond_d
D:4:      minitemple, serial_column_ruins, column_ruins_hut_ruined,
          column_ruins_open_medium, column_ruins_grid_2, column_ruins_grid_2
D:5:      minmay_temple_entry_fiery, serial_glass, glass_columns_b,
          glass_columns_a, first_bread, columned_hall_lemuel,
          uniq_blork_the_orc, uniq_sigmund, uniq_eustachio
